 Dungeon Crawl Stone Soup version 0.28-a0-1159-g27aa881441 (webtiles) character file.

Game seed: 7754980307621407888

79 Johann the Skirmisher (level 4, 0/40 HPs)
             Began as a Hill Orc Fighter on Dec 15, 2021.
             Slain by Natasha (1 damage)
             ... on level 3 of the Dungeon.
             The game lasted 00:05:23 (1543 turns).

Johann the Skirmisher (Hill Orc Fighter)            Turns: 1543, Time: 00:05:24

Health: 0/40       AC:  7    Str: 20    XL:     4   Next: 37%
Magic:  4/4        EV:  9    Int:  8    God:
Gold:   86         SH:  4    Dex: 10    Spells: 3/3 levels left

rFire   . . .      SeeInvis .   a - +0 war axe
rCold   . . .      Faith    .   c - +0 buckler
rNeg    . . .      Spirit   .   b - +0 scale mail
rPois   .          Reflect  .   (no helmet)
rElec   .          Harm     .   (no cloak)
rCorr   .          Rampage  .   (no gloves)
Will    .....                   (no boots)
Stlth   ..........              (no amulet)
HPRegen 0.13/turn               (no ring)
MPRegen 0.09/turn               (no ring)

@: slowed, very slow
A: no striking features
a: no special abilities


You were on level 3 of the Dungeon.
You visited 1 branch of the dungeon, and saw 4 of its levels.

You collected 86 gold pieces.

Inventory:

Hand Weapons
 a - a +0 war axe (weapon)
Armour
 b - a +0 scale mail (worn)
 c - a +0 buckler (worn)
Scrolls
 e - a scroll of fog {unknown}
 f - a scroll of teleportation {unknown}
 h - a scroll of amnesia {unknown}
 i - a scroll of fear {unknown}
 j - 2 scrolls of identify {unknown}
 k - a scroll of acquirement {unknown}
Potions
 d - a potion of might
 g - a potion of brilliance {unknown}


   Skills:
 + Level 4.1 Fighting
 + Level 4.0 Axes
 + Level 3.9 Armour
 + Level 0.5 Dodging
 + Level 3.9 Shields


You had 3 spell levels left.
You didn't know any spells.
Your spell library was empty.

Dungeon Overview and Level Annotations

Branches:
Dungeon (4/15)
 Temple: D:4-7

Altars:

Shops:
D:1 (

Annotations:
D:3 Natasha


Message History

The worm bites you.
The white imp hits you but does no damage.
You barely miss Natasha.
Natasha is almost dead.
You hit the worm. You hit the white imp. Natasha claws you!
The white imp hits you but does no damage.
The worm bites you but does no damage. Natasha claws you.
You hit Natasha but do no damage.
Natasha is almost dead.
You closely miss the crimson imp. You closely miss the white imp.
You slash the worm!
You kill the worm!
The white imp gestures at you. The puff of frost hits you!
* * * LOW HITPOINT WARNING * * *
The crimson imp hits you but does no damage.
Natasha stares at you and mumbles some strange words.
You feel yourself slow down.
The white imp hits you but does no damage.
Your Axes skill increases to level 4!
You miss Natasha.
Natasha is almost dead.
You hit the white imp. You hit the crimson imp. The crimson imp hits you.
* * * LOW HITPOINT WARNING * * *
Natasha claws you.
* * * LOW HITPOINT WARNING * * *
The white imp gestures at you. The puff of frost hits you.
* * * LOW HITPOINT WARNING * * *
The crimson imp hits you but does no damage.
Natasha claws you but does no damage. The white imp misses you.
You barely miss Natasha.
Natasha is almost dead.
You hit the white imp.
You kill the white imp!
The white imp disappears in a puff of smoke!
You barely miss the crimson imp.
The crimson imp hits you but does no damage.
Natasha claws you.
You die...

#.##... .
...#####...
#.# ... .#
#.....#... #.#
..####.
#....... #.#
..... #.....#.
#.#.###...#
#.......
#.#.......# #
#.....#.
#.######..##.#
#.###.##
#.......5h†..#
#.# #.#
########§@..##
#.# #.#.
#.##.# #.#
#.#. .... .# #
#.# #.##
###..# #
#.#.###...
#..#
#.....#...
####
#.###.#... ...
#.#... ###
#.'... ###...


You could see Natasha and a crimson imp (summoned).

Vanquished Creatures
  A hound (D:3)
  A worm (D:3)
  A dart slug (D:1)
  6 endoplasms
  3 giant cockroaches
  3 goblins
  3 hobgoblins
  3 kobolds (D:1)
  4 quokkas (D:1)
  3 ball pythons
  5 bats
  2 frilled lizards (D:1)
  4 rats (D:1)
39 creatures vanquished.

Notes
Turn   | Place    | Note
-------+----------+-------------------------------------------
     0 | D:1      | Johann the Hill Orc Fighter began the quest for the Orb.
     0 | D:1      | Reached XP level 1. HP: 19/19 MP: 1/1
   154 | D:1      | Reached XP level 2. HP: 26/27 MP: 2/2
   371 | D:1      | Found a faded altar of an unknown god.
   439 | D:1      | Reached XP level 3. HP: 25/33 MP: 3/3
   632 | D:1      | Found Fabac's Antique Weapon Shop.
  1211 | D:2      | You fall into a shaft and drop 2 floors!
  1219 | D:4      | Noticed an ogre
  1268 | D:3      | Reached XP level 4. HP: 22/40 MP: 4/4
  1532 | D:3      | Noticed Natasha
  1542 | D:3      | HP: 1/40 [white imp/puff of frost[Natasha] (6)]
  1543 | D:3      | Slain by Natasha

Illustrated notes

Levels and vault maps discovered:
D:1:      dpeg_arrival_shelter, layout_basic,
          hellmonk_ecumenical_altar_arch_garden, serial_shops,
          nicolae_shop_crystal
D:2:      layout_loops_cross, uniq_robin
D:3:      layout_basic, due_unseen_surprise, uniq_natasha
D:4:      layout_loops_cross

Skill      XL: |  1  2  3  4 |
---------------+-------------+-----
Fighting       | 4 |  4.1
Axes           | 3 4 |  4.0
Armour         | |  3.9
Dodging        | |  0.5
Shields        | |  3.9

Action                   |  1- 3 |  4- 6 || total
-------------------------+-------+-------++-------
Melee: War axe           |    82 |    11 ||    93
Armor: Scale mail        |    85 |    11 ||    96
Dodge: Dodged            |    71 |     4 ||    75
Block: Buckler           |    34 |     2 ||    36

Table legend: (Time is in decaauts)
 A = Elapsed time spent in this place.
 B = Non-inter-level travel time spent in this place.
 C = Inter-level travel time spent in this place.
 D = Time resting spent in this place.
 E = Time spent auto-exploring this place.
 F = Levels seen in this place.
 G = Mean time per level.
                   A        B        C        D        E       F      G
               +--------+--------+--------+--------+--------+-----+--------+
         Total |   1576 |   1492 |     84 |    236 |    553 |   4 |  394.0 |
       Dungeon |   1576 |   1492 |     84 |    236 |    553 |   4 |  394.0 |
               +--------+--------+--------+--------+--------+-----+--------+

Top non-repeatable levels by time:
     D:1: 1064 daAuts
     D:3: 284 daAuts
     D:2: 174 daAuts
     D:4: 52 daAuts
